[Event "Early-Titled-Tuesday-Blitz-October-24-2023"]
[Site "Chess.com"]
[Date "2023.10.24"]
[Round "6"]
[White "Predator0608"]
[Black "MKlose11"]
[Result "1-0"]
[WhiteElo "2536"]
[BlackElo "2624"]
[TimeControl "180+1"]
[EndTime "9:03:48 PDT"]
[Termination "Predator0608 won by resignation"]

1. e4 e6 2. d4 d5 3. Nd2 Be7 4. Ngf3 Nf6 5. Bd3 c5 6. c3 cxd4 7. cxd4 dxe4 8. Nxe4 Nc6 9. O-O O-O 10. Be3 g6 11.
Rc1 Nb4 12. Nxf6+ Bxf6 13. Bb1 Nd5 14. Bh6 Re8 15. Ne5 b6 16. Qa4 Bb7 17. Nd7 Bg5 18.
Bxg5 Qxg5 19. Be4 Nc3 20. Rxc3 Bxe4 21. f3 Bd5 22. Ne5 Rac8 23. Qd7 Qe7 24. Qxe7 Rxe7 25.
Rxc8+ Kg7 26. Rfc1 f6 1-0

[Event "Early-Titled-Tuesday-Blitz-October-24-2023"]
[Site "Chess.com"]
[Date "2023.10.24"]
[Round "6"]
[White "Kotofeyca"]
[Black "Buzhizhebuguai"]
[Result "0-1"]
[WhiteElo "2403"]
[BlackElo "2618"]
[TimeControl "180+1"]
[EndTime "9:03:48 PDT"]
[Termination "Buzhizhebuguai won by resignation"]

1. d4 Nf6 2. c4 e6 3. Nf3 b6 4. g3 Bb7 5. Bg2 Bb4+ 6. Nbd2 c5 7. a3 Bxd2+ 8. Qxd2 cxd4 9. Qxd4 O-O 10. O-O Nc6 11.
Qh4 Rc8 12. Bg5 h6 13. Bxf6 Qxf6 14. Qxf6 gxf6 15. Nd2 Na5 16. Rac1 Bxg2 17. Kxg2 Kg7 18. Rc3 Rc6 19. Rfc1 Rfc8 20. e4 R6c7 21. Kf3 Nc6 22. Ke3 Ne5 23. h3 Kf8 24. f4 Nc6 25. c5 b5 26. Nb3 a6 27. Nd4 Na5 28. b4 Nc4+ 29.
Kd3 Nb2+ 30. Kc2 Na4 31. Rd3 d6 32. Nxe6+ fxe6 33. Rxd6 Nxc5 34. Kb1 Nxe4 35. Rxc7 Nxd6 36.
Rh7 Rc3 37. Rxh6 Kg7 38. Rh5 Rxg3 39. Rc5 Rxa3 40. Rc6 Rd3 41. Rxa6 e5 42. Kc2 e4 43.
f5 Kh6 44. Ra8 Kg5 0-1

[Event "Early-Titled-Tuesday-Blitz-October-24-2023"]
[Site "Chess.com"]
[Date "2023.10.24"]
[Round "6"]
[White "hsd2016"]
[Black "OLDTERMINATOR"]
[Result "1/2-1/2"]
[WhiteElo "2268"]
[BlackElo "1704"]
[TimeControl "180+1"]
[EndTime "9:03:48 PDT"]
[Termination "Game drawn by repetition"]

1. e4 e6 2. Nf3 d5 3. exd5 exd5 4. d4 Nf6 5. h3 Bd6 6. Bd3 O-O 7. O-O Re8 8. c3 c5 9. dxc5 Bxc5 10. Qb3 h6 11. Nbd2 Nc6 12. Rd1 d4 13. Nf1 Qc7 14. cxd4 Nxd4 15. Nxd4 Bxd4 16. Be3 Bxe3 17. Nxe3 Be6 18.
Qa4 Qb6 19. b3 Rad8 20. Qf4 Nd5 21. Nxd5 Rxd5 22. Bc4 Rf5 23. Qd4 Qxd4 24. Rxd4 Bxc4 25. Rxc4 Re2 26. f3 Ra5 27. Rc7 b6 28. a4 Rg5 29. g4 Rd5 30. Rxa7 Rdd2 31. Rb7 Rg2+ 32. Kf1 Rdf2+ 33. Ke1 Rxf3 34. Rxb6 Rxh3 35. Kf1 Rhh2 36. a5 Rf2+ 37. Ke1 Re2+ 38. Kd1 Rd2+ 39. Ke1 Rde2+ 40. Kf1 Ref2+ 41. Ke1 Re2+ 1/2-1/2

[Event "Early-Titled-Tuesday-Blitz-October-24-2023"]
[Site "Chess.com"]
[Date "2023.10.24"]
[Round "6"]
[White "Nitzan_Steinberg"]
[Black "djokovic74"]
[Result "1-0"]
[WhiteElo "2883"]
[BlackElo "2704"]
[TimeControl "180+1"]
[EndTime "9:03:49 PDT"]
[Termination "Nitzan_Steinberg won by checkmate"]

1. Nf3 Nf6 2. g3 d5 3. Bg2 e6 4. O-O Be7 5. d3 O-O 6. Nbd2 c5 7. e4 Nc6 8. Re1 Qc7 9. e5 Nd7 10. Qe2 b5 11. Nf1 Bb7 12. h4 Rfc8 13. Bf4 Qd8 14. N1h2 Rab8 15. Ng5 h6 16. Qh5 Qf8 17. Ng4 Nd4 18.
Rac1 Nf5 19. Nh3 g6 20. Nxh6+ Kh7 21. Ng5+ Bxg5 22. Qxg5 Qxh6 23. Qg4 Qh5 24. Qh3 Kg7 25. Bg5 Qh7 26. g4 Nd4 27. f4 Rh8 28. c3 Nc6 29. Rf1 Rbg8 30. Rce1 Kf8 31. Qg3 Ke8 32. a4 bxa4 33. Ra1 Nb6 34. Qf2 d4 35. cxd4 cxd4 36.
Rfc1 Kd7 37. Bxc6+ Bxc6 38. Qxd4+ Kc7 39. Qd6+ Kb7 40.
Qxc6+ Kb8 41. Be7 Rd8 42. Qc7+ Ka8 43. Bxd8 g5 44. Qc6+ Kb8 45. Bc7+ Kc8 46. Bxb6+ Kb8 47. Qc7+ Ka8 48. Qxa7# 1-0

[Event "Early-Titled-Tuesday-Blitz-October-24-2023"]
[Site "Chess.com"]
[Date "2023.10.24"]
[Round "6"]
[White "Byniolus"]
[Black "SharapovEvgeny"]
[Result "1-0"]
[WhiteElo "2797"]
[BlackElo "2616"]
[TimeControl "180+1"]
[EndTime "9:03:50 PDT"]
[Termination "Byniolus won by resignation"]

1. d4 Nf6 2. Nf3 e6 3. Bf4 d5 4. e3 Bd6 5. Bg3 O-O 6. Nbd2 b6 7. c3 Bb7 8. Ne5 Nbd7 9. f4 Ne4 10. Nxe4 dxe4 11.
Be2 f6 12. Nc4 f5 13. O-O Kh8 14. Nxd6 cxd6 15. c4 Rc8 16. Qa4 a6 17. Rfc1 Qc7 18. Rc3 Qc6 19. Qa3 a5 20. Rac1 Ba6 21. d5 Qc5 22. dxe6 Qxa3 23. Rxa3 Nc5 24. e7 Rfe8 25. Bh4 d5 26. Rac3 Kg8 27. Bf1 Bxc4 28. Rxc4 dxc4 29. Bxc4+ Kh8 30. Bb5 Kg8 31. Bc4+ Kh8 32. Bf7 h6 33.
Bg6 Rg8 34. Bxf5 Rc6 35. Bxe4 Rc7 36. Bg6 Ne6 37. Rd1 Rcc8 38. Bf7 g5 39. Bxe6 gxh4 40. Bxc8 Rxc8 41. Rd8+ 1-0

[Event "Early-Titled-Tuesday-Blitz-October-24-2023"]
[Site "Chess.com"]
[Date "2023.10.24"]
[Round "6"]
[White "Fh2411"]
[Black "AndresDelgado77"]
[Result "1-0"]
[WhiteElo "2514"]
[BlackElo "2353"]
[TimeControl "180+1"]
[EndTime "9:03:50 PDT"]
[Termination "Fh2411 won on time"]

1. d4 Nf6 2. c4 c5 3. d5 e6 4. Nc3 exd5 5. cxd5 d6 6. Bf4 a6 7. a4 g6 8. e3 Bg7 9. Nf3 O-O 10. h3 Re8 11.
Bd3 Qc7 12. Nd2 Nh5 13. Bh2 Be5 14. Bxe5 Rxe5 15. Nc4 Re8 16. O-O Nd7 17. a5 Ne5 18. Nb6 Rb8 19. Be2 Ng7 20. Rc1 f5 21. Nca4 Bd7 22.
b4 Bxa4 23. Qxa4 f4 24. exf4 Nf7 25. Bg4 Re4 26. Qd7 Qd8 27. bxc5 Rxf4 28. c6 bxc6 29. dxc6 Ne5 30. Qxd8+ Rxd8 31. c7 Rdf8 32. c8=Q Nxg4 33.
hxg4 h6 34. Qd7 1-0

[Event "Early-Titled-Tuesday-Blitz-October-24-2023"]
[Site "Chess.com"]
[Date "2023.10.24"]
[Round "6"]
[White "Kildepiotr"]
[Black "sjoerd893"]
[Result "1-0"]
[WhiteElo "2663"]
[BlackElo "2521"]
[TimeControl "180+1"]
[EndTime "9:03:51 PDT"]
[Termination "Kildepiotr won by resignation"]

1. Nf3 Nf6 2. g3 g6 3. Bg2 Bg7 4. O-O d5 5. d4 c6 6. c4 dxc4 7. a4 O-O 8. Na3 Be6 9. Ng5 Bg4 10. Nxc4 h6 11. Nf3 Nbd7 12. a5 Be6 13. Qa4 b5 14. axb6 axb6 15. Qxa8 Qxa8 16. Rxa8 Rxa8 17. Nfe5 Bd5 18. b3 Ra1 19. Nxc6 Bxg2 20. Kxg2 Kf8 21. Ba3 Rxf1 22. Bxe7+ Ke8 23. Kxf1 Nf8 24. Nxb6 Ne4 25. Bb4 Ne6 26. e3 Bf8 27. Bxf8 Nxf8 28. Ke2 Ne6 29. b4 h5 30. f3 Nc3+ 31. Kd3 Nb5 32. e4 h4 33. f4 h3 34. d5 Ng7 35. Ke3 f5 36. e5 Nc3 37. d6 Ne4 38. d7+ 1-0

[Event "Early-Titled-Tuesday-Blitz-October-24-2023"]
[Site "Chess.com"]
[Date "2023.10.24"]
[Round "6"]
[White "Harry_Rakkel"]
[Black "GlavkonVVS"]
[Result "1/2-1/2"]
[WhiteElo "2704"]
[BlackElo "2534"]
[TimeControl "180+1"]
[EndTime "9:03:54 PDT"]
[Termination "Game drawn - insufficient material"]

1. e4 Nf6 2. e5 Nd5 3. c4 Nb6 4. d4 d6 5. exd6 cxd6 6. Nc3 g6 7. Be3 Bg7 8. Rc1 O-O 9. b3 f5 10. g3 e5 11. dxe5 dxe5 12. Qxd8 Rxd8 13. c5 f4 14. gxf4 exf4 15. Bxf4 Bxc3+ 16. Rxc3 Nd5 17. Bc4 Be6 18. Ne2 Nc6 19. Bd6 Re8 20. Bxd5 Bxd5 21. Rg1 Nd4 22. Re3 Nc2+ 23. Kd2 Nxe3 24. fxe3 Rad8 25. Nd4 b6 26. b4 Rd7 27. a4 Rf7 28. Bf4 Re4 29.
Kc3 bxc5 30. bxc5 Rb7 31. c6 Bxc6 32. Nxc6 Rxf4 33. exf4 Rc7 34. f5 Rxc6+ 35. Kb4 Kf7 36. fxg6+ hxg6 37. Rg5 Rc2 38. Ra5 Rxh2 39. Rxa7+ Kf6 40.
a5 g5 41. a6 Ra2 42. Kb5 g4 43. Ra8 Kg5 44. a7 g3 45. Rg8+ Kf4 46. a8=Q Rxa8 47.
Rxa8 g2 48. Rg8 Kf3 49. Kc4 Kf2 50. Kd3 g1=Q 51. Rxg1 Kxg1 1/2-1/2

[Event "Early-Titled-Tuesday-Blitz-October-24-2023"]
[Site "Chess.com"]
[Date "2023.10.24"]
[Round "6"]
[White "ATM622"]
[Black "AljoschaFeuerstack"]
[Result "1-0"]
[WhiteElo "2431"]
[BlackElo "2607"]
[TimeControl "180+1"]
[EndTime "9:03:54 PDT"]
[Termination "ATM622 won by resignation"]

1. d4 a6 2. g3 Nf6 3. Bg2 d5 4. Nf3 Bf5 5. O-O e6 6. c4 dxc4 7. Ne5 c5 8. dxc5 Qc7 9. Nxc4 Bxc5 10. Bf4 Bxf2+ 11. Rxf2 Qxc4 12. Bxb7 Ra7 13. Bf3 O-O 14. Na3 Qc8 15. Rc1 Qd8 16. Qb3 Ne4 17. Rd1 Rd7 18. Rff1 Nc6 19. e3 e5 20. Qc2 Nxg3 21. Rxd7 Qxd7 22. Rd1 Qa7 23. Qxc6 exf4 24. hxg3 Qxe3+ 25. Kg2 fxg3 26. Kxg3 g5 27. Qc1 Rc8 28. Qxe3 1-0

[Event "Early-Titled-Tuesday-Blitz-October-24-2023"]
[Site "Chess.com"]
[Date "2023.10.24"]
[Round "6"]
[White "RETURNOFTHELAGGER"]
[Black "Fan_Of_Chucky"]
[Result "1-0"]
[WhiteElo "2670"]
[BlackElo "2526"]
[TimeControl "180+1"]
[EndTime "9:03:55 PDT"]
[Termination "RETURNOFTHELAGGER won on time"]

1. e4 c5 2. Nf3 d6 3. d4 cxd4 4. Nxd4 Nf6 5. Nc3 Nc6 6. Bg5 e6 7. Qd2 a6 8. O-O-O Bd7 9. f4 b5 10. Bxf6 gxf6 11. Kb1 Qb6 12. Nxc6 Bxc6 13. f5 b4 14. Ne2 e5 15. Ng3 h5 16. h4 a5 17.
Be2 Be7 18. Bxh5 Rg8 19. Rh3 Rd8 20. Qh6 d5 21. Qh7 Rf8 22. exd5 Bxd5 23. Rhh1 Bxg2 24. Rxd8+ Bxd8 25. Rd1 a4 26. Qg7 a3 27. Be2 Bc6 28.
h5 Bb5 29. Bxb5+ Qxb5 30. h6 b3 31. Rxd8+ Kxd8 32. Qxf8+ Kc7 33. Qxa3 bxc2+ 34. Kxc2 1-0

[Event "Early-Titled-Tuesday-Blitz-October-24-2023"]
[Site "Chess.com"]
[Date "2023.10.24"]
[Round "6"]
[White "Politov_Pavel"]
[Black "campochess"]
[Result "0-1"]
[WhiteElo "2034"]
[BlackElo "2194"]
[TimeControl "180+1"]
[EndTime "9:03:55 PDT"]
[Termination "campochess won on time"]

1. d4 Nf6 2. c4 g6 3. Nc3 d5 4.
cxd5 Nxd5 5. e4 Nxc3 6. bxc3 Bg7 7. Nf3 Bg4 8. Rb1 O-O 9. Rxb7 c5 10. d5 Bxc3+ 11.
Bd2 Bxf3 12. gxf3 Qa5 13. Rxe7 Na6 14. Bxa6 Bxd2+ 15. Qxd2 Qxa6 16. h4 Rab8 17. Qc1 Rfe8 18. Rxe8+ Rxe8 19. h5 Qd3 20. hxg6 fxg6 21. Qh6 Re7 22.
Qd2 Qxf3 23. Rg1 Rxe4+ 24. Kf1 Rd4 25. Qa5 Rd1+ 26. Qe1 Qd3+ 27. Kg2 Qxd5+ 0-1

[Event "Early-Titled-Tuesday-Blitz-October-24-2023"]
[Site "Chess.com"]
[Date "2023.10.24"]
[Round "6"]
[White "Pumpkin_in_moonlight"]
[Black "angryspacevoid"]
[Result "0-1"]
[WhiteElo "2353"]
[BlackElo "2515"]
[TimeControl "180+1"]
[EndTime "9:03:59 PDT"]
[Termination "angryspacevoid won on time"]

1. e4 c6 2. c4 d5 3. cxd5 cxd5 4. exd5 Nf6 5. Nc3 Nxd5 6. Bb5+ Bd7 7. Bxd7+ Qxd7 8.
Nge2 e6 9. d4 Nc6 10. O-O Be7 11.
Qb3 Na5 12. Qc2 O-O 13. Rd1 Rac8 14. Nf4 Nxc3 15. bxc3 Qc7 16. Rd3 Rfd8 17. Bd2 Nc4 18. Nh5 Rd5 19. Rh3 g6 20. Nf4 Rf5 21. Nd3 Nxd2 22.
Qxd2 Qxc3 23. Qxc3 Rxc3 24. Ne5 Rc2 25. Rd1 Rfxf2 26.
Rg3 Rxa2 27. h3 h5 28. Nd3 Rfc2 29. Nf4 Bd6 30. Nxh5 Bxg3 0-1

[Event "Early-Titled-Tuesday-Blitz-October-24-2023"]
[Site "Chess.com"]
[Date "2023.10.24"]
[Round "6"]
[White "Kopytkin"]
[Black "NowInChess"]
[Result "1-0"]
[WhiteElo "2392"]
[BlackElo "2226"]
[TimeControl "180+1"]
[EndTime "9:04:01 PDT"]
[Termination "Kopytkin won on time"]

1. d4 Nf6 2. Bg5 e6 3. Nd2 h6 4. Bh4 d5 5. e3 Be7 6. Bd3 b6 7. Qe2 c5 8. c3 a5 9. Ngf3 Ba6 10. Bxa6 Nxa6 11. Ne5 Nb8 12. Qb5+ Nfd7 13. Bg3 O-O 14. O-O Nxe5 15. dxe5 Qc7 16. f4 f5 17.
exf6 Bxf6 18. e4 d4 19. e5 Be7 20. Qc4 Qd7 21. f5 b5 22. Qxe6+ Qxe6 23. fxe6 Nc6 24. Ne4 c4 25. Nd6 b4 26. Nf5 d3 27. Rac1 Bc5+ 28. Kh1 Rae8 29. cxb4 1-0

[Event "Early-Titled-Tuesday-Blitz-October-24-2023"]
[Site "Chess.com"]
[Date "2023.10.24"]
[Round "6"]
[White "tetrix83"]
[Black "Savagelittlemole"]
[Result "0-1"]
[WhiteElo "2621"]
[BlackElo "2528"]
[TimeControl "180+1"]
[EndTime "9:04:03 PDT"]
[Termination "Savagelittlemole won by resignation"]

1. e4 c5 2. Nf3 d6 3. Bb5+ Nd7 4. O-O a6 5. Bd3 Ngf6 6. c3 g6 7. Bc2 Bg7 8. d4 cxd4 9. cxd4 O-O 10. Nc3 b5 11. e5 Ne8 12. Qe2 dxe5 13. dxe5 e6 14. Bg5 f6 15. exf6 Ndxf6 16. Rad1 Qb6 17. Bb3 Nc7 18.
Nd4 Kh8 19. Rfe1 Nfd5 20. Nxd5 exd5 21. Be3 Qb7 22. Nc2 Bf5 23. Bd4 Rae8 24. Qd2 Bxc2 25. Bxc2 Ne6 26. Bxg7+ Nxg7 27. Bb3 Rxe1+ 28. Qxe1 Rd8 29.
Qe5 d4 30. Rxd4 Re8 0-1

[Event "Early-Titled-Tuesday-Blitz-October-24-2023"]
[Site "Chess.com"]
[Date "2023.10.24"]
[Round "6"]
[White "RCone"]
[Black "Malev212"]
[Result "0-1"]
[WhiteElo "2428"]
[BlackElo "2627"]
[TimeControl "180+1"]
[EndTime "9:04:03 PDT"]
[Termination "Malev212 won by resignation"]

1. e4 c5 2. Nc3 e6 3. Nf3 Nc6 4. d4 cxd4 5. Nxd4 Nf6 6. Nxc6 bxc6 7. Bd3 Qc7 8. O-O d5 9. Re1 Be7 10. Qf3 Bb7 11. Qg3 Qxg3 12. hxg3 a5 13. e5 Nd7 14. Na4 O-O 15. b3 f6 16. f4 fxe5 17. fxe5 Ba6 18. Bxa6 Rxa6 19. Bd2 Raa8 20. g4 Nc5 21. Nxc5 Bxc5+ 22. Be3 Bb4 23. Re2 a4 24. Rf1 Bc3 25.
Rxf8+ Rxf8 26. Bc5 Ra8 27. Kf2 h6 28. Ke3 axb3 29. cxb3 Bxe5 30. Kd3 Bf6 31. a4 e5 32. a5 Rxa5 33. b4 Ra3+ 34. Kc2 Ra2+ 35. Kd1 Rxe2 36. Kxe2 Kf7 0-1

[Event "Early-Titled-Tuesday-Blitz-October-24-2023"]
[Site "Chess.com"]
[Date "2023.10.24"]
[Round "6"]
[White "dapsay"]
[Black "m_ezat"]
[Result "0-1"]
[WhiteElo "2403"]
[BlackElo "2593"]
[TimeControl "180+1"]
[EndTime "9:04:03 PDT"]
[Termination "m_ezat won by resignation"]

1. d4 Nf6 2. Bf4 d5 3. e3 c5 4. c3 Nc6 5. Nf3 Bg4 6. Qb3 Qb6 7. Nbd2 e6 8. Be2 c4 9. Qc2 Bf5 10. Qc1 Be7 11. h3 h6 12. Ne5 Nxe5 13. dxe5 Nd7 14. Nf3 Nc5 15. O-O Bd3 16. Qd2 Ne4 17. Qd1 Qxb2 18.
Bxd3 cxd3 19. Qxd3 Qxc3 20. Qb5+ Qc6 21. Qb2 O-O 22.
Rfc1 Qd7 23. Rab1 b6 24. Nd4 Rfc8 25. f3 Nc5 26. Qe2 Na4 27. Qd3 Nc5 28. Qd2 Nb7 29.
Rd1 Na5 30. Kh1 Qa4 31. Nb5 Rc2 32. Qe1 Qxa2 33. Ra1 Qc4 34. Nd4 Rc3 35. Qg3 Kh7 36. Qg4 Nb3 37. Rab1 Nxd4 38. Rxd4 Rc1+ 39. Rxc1 Qxc1+ 40.
Kh2 Qe1 41. Rd3 Rc8 42. Qh5 Rc1 43. Qxf7 Bh4 0-1

[Event "Early-Titled-Tuesday-Blitz-October-24-2023"]
[Site "Chess.com"]
[Date "2023.10.24"]
[Round "6"]
[White "nitpicker"]
[Black "crazy_m_attack"]
[Result "0-1"]
[WhiteElo "2253"]
[BlackElo "2447"]
[TimeControl "180+1"]
[EndTime "9:04:06 PDT"]
[Termination "crazy_m_attack won on time"]

1. d4 Nf6 2. c4 e6 3. g3 d5 4. Nf3 dxc4 5. Bg2 a6 6. O-O Nc6 7. e3 Bd7 8. Qe2 Bd6 9. Qxc4 Qe7 10. a3 O-O 11. Nc3 e5 12. dxe5 Nxe5 13. Nxe5 Bxe5 14. Bxb7 Ra7 15. Bg2 Be6 16. Qe2 c5 17. Qc2 Rb8 18. f4 Bb3 19. Qe2 Bxc3 20. bxc3 Re8 21. e4 Nxe4 22.
Bb2 f5 23. c4 Qf7 24. Rac1 Rd7 25. Be5 Rd2 26. Qe3 Red8 27. Qxb3 Qh5 28. Qf3 Qh6 29.
Rfd1 g5 30. Rxd2 Rxd2 31. Rd1 g4 32. Qe3 Rxd1+ 0-1

[Event "Early-Titled-Tuesday-Blitz-October-24-2023"]
[Site "Chess.com"]
[Date "2023.10.24"]
[Round "6"]
[White "guillembaches"]
[Black "djano"]
[Result "0-1"]
[WhiteElo "2485"]
[BlackElo "2668"]
[TimeControl "180+1"]
[EndTime "9:04:07 PDT"]
[Termination "djano won by resignation"]

1. d4 g6 2. Nf3 Bg7 3. Bg5 d6 4. e3 Nf6 5. Nbd2 O-O 6. Bc4 b6 7. O-O Bb7 8. c3 Nbd7 9. a4 a5 10. Re1 Qe8 11. h3 e5 12. Qb3 h6 13. Bh4 g5 14. Bg3 Kh8 15. dxe5 dxe5 16. e4 Nh5 17. Qc2 Nf4 18. Nf1 Nc5 19. N3d2 f5 20. f3 fxe4 21. Nxe4 Qc6 22. Nfd2 Rad8 23. Bb5 Qg6 24. b4 Ncd3 25.
Bxd3 Nxd3 26. Re3 Nf4 27. Rae1 h5 28. Kh1 g4 29. Bxf4 exf4 30. R3e2 gxh3 31. gxh3 Qf5 32. Rg1 Bh6 33. Reg2 Rxd2 34. Qxd2 Qxh3+ 35. Rh2 Qxf3+ 36. Rgg2 Qf1+ 0-1

[Event "Early-Titled-Tuesday-Blitz-October-24-2023"]
[Site "Chess.com"]
[Date "2023.10.24"]
[Round "6"]
[White "Semetey"]
[Black "Russian_berezka"]
[Result "1-0"]
[WhiteElo "2545"]
[BlackElo "2680"]
[TimeControl "180+1"]
[EndTime "9:04:08 PDT"]
[Termination "Semetey won by resignation"]

1. a3 d5 2. d4 Nf6 3. Nc3 h6 4. Bf4 a6 5. e3 e6 6. Nf3 c5 7. h3 b5 8. dxc5 Bxc5 9. Bd3 Bb7 10. O-O Nbd7 11. Qe2 O-O 12. Rad1 Qb6 13. e4 dxe4 14. Nxe4 Nxe4 15. Bxe4 Bxe4 16. Qxe4 Nf6 17. Qe2 Nd5 18.
Bc1 Rac8 19. Ne5 Nf6 20. Qf3 Bd4 21. Ng4 Nxg4 22. Qxg4 Rc4 23. Qe2 Rfc8 24. c3 Bf6 25. Rd7 R4c7 26. Rfd1 Rxd7 27. Rxd7 Rd8 28. Qd3 Rxd7 29.
Qxd7 Qd8 30. Qxd8+ Bxd8 31. Kf1 Kf8 32. Ke2 Ke7 33.
Kd3 Kd6 34. b3 f5 35. c4 e5 36. f3 g5 37. cxb5 axb5 38. Bd2 Kd5 39. a4 e4+ 40.
fxe4+ fxe4+ 41. Ke2 bxa4 42. bxa4 Kc4 43. a5 Kb5 44.
Ke3 Bxa5 45. Bxa5 Kxa5 46. Kxe4 Kb5 47. Kf5 Kc5 48. Kg6 Kd4 49. Kxh6 1-0

[Event "Early-Titled-Tuesday-Blitz-October-24-2023"]
[Site "Chess.com"]
[Date "2023.10.24"]
[Round "6"]
[White "Tssunami"]
[Black "Maluco_do_Natal_00"]
[Result "1-0"]
[WhiteElo "2424"]
[BlackElo "2020"]
[TimeControl "180+1"]
[EndTime "9:04:08 PDT"]
[Termination "Tssunami won by resignation"]

1. d4 d5 2. c4 c6 3. Nc3 Nf6 4. e3 a6 5. Nf3 Bg4 6. Qb3 b5 7. cxd5 cxd5 8. Ne5 Be6 9. Bd3 g6 10. f4 Bg7 11. O-O O-O 12. Bd2 Qd6 13. f5 gxf5 14.
Bxf5 Nbd7 15. Nd3 Nb6 16. Nc5 Nc4 17. Qc2 Bxf5 18. Rxf5 e6 19. Rf3 b4 20. Ne2 a5 21.
Raf1 Ng4 22. Rg3 f5 23. Nf4 Rac8 24. Nfxe6 Rf6 25. Rxf5 Rxf5 26. Qxf5 Nxd2 27. Qxg4 Qe7 28. Nxg7 Rf8 29. Nf5+ 1-0

[Event "Early-Titled-Tuesday-Blitz-October-24-2023"]
[Site "Chess.com"]
[Date "2023.10.24"]
[Round "6"]
[White "Verony64"]
[Black "deepfear"]
[Result "1-0"]
[WhiteElo "2182"]
[BlackElo "1780"]
[TimeControl "180+1"]
[EndTime "9:04:08 PDT"]
[Termination "Verony64 won on time"]

1. e4 c5 2. Nc3 g6 3. d3 Bg7 4. g3 e6 5. Bg2 Nc6 6. f4 Nge7 7. Nf3 O-O 8. O-O d6 9. Be3 f5 10. Qd2 Nd4 11. Rae1 a6 12. h3 Rb8 13. Nd1 b5 14.
Nh2 Bb7 15. c3 Ndc6 16. Nf3 b4 17. Ng5 Bc8 18. Bf2 h6 19. Nf3 Qa5 20. e5 dxe5 21. fxe5 Qxa2 22. Bxc5 bxc3 23. bxc3 Qxd2 24. Nxd2 Rd8 25.
Bd6 Rb5 26. Nc4 a5 27. Ndb2 Nd5 28. Na4 Bb7 29. Rb1 Rxb1 30. Rxb1 Rd7 31. Bxd5 exd5 32. e6 Rxd6 33. Nxd6 Ba6 34. Rb6 Bxd3 35. Rxc6 Kf8 36.
Nc5 1-0

[Event "Early-Titled-Tuesday-Blitz-October-24-2023"]
[Site "Chess.com"]
[Date "2023.10.24"]
[Round "6"]
[White "carokannlover213"]
[Black "Sanan_Sjugirov"]
[Result "0-1"]
[WhiteElo "2742"]
[BlackElo "2949"]
[TimeControl "180+1"]
[EndTime "9:04:09 PDT"]
[Termination "Sanan_Sjugirov won on time"]

1. c4 e6 2. Nc3 d5 3. e3 Nf6 4. Nf3 Bd6 5. Qc2 c6 6. b3 O-O 7. Bb2 e5 8. cxd5 cxd5 9. Nb5 Nc6 10. Nxd6 Qxd6 11. Bb5 e4 12. Nd4 Ne5 13. Qc1 Bd7 14.
Ba3 Qb6 15. Be2 Rfc8 16. Qd1 Bg4 17. f3 exf3 18. gxf3 Bh5 19. Rg1 Bg6 20. f4 Nd3+ 21.
Kf1 Be4 22. Bxd3 Bxd3+ 23. Kg2 Ne4 24. Nf3 Qg6+ 25. Ng5 Nxg5 26. fxg5 Qxg5+ 27. Kf2 Qh4+ 28. Kg2 Rc6 0-1

[Event "Early-Titled-Tuesday-Blitz-October-24-2023"]
[Site "Chess.com"]
[Date "2023.10.24"]
[Round "6"]
[White "CSB7"]
[Black "ShahxaibKhan"]
[Result "1-0"]
[WhiteElo "2709"]
[BlackElo "2409"]
[TimeControl "180+1"]
[EndTime "9:04:09 PDT"]
[Termination "CSB7 won on time"]

1. e4 d5 2. exd5 Nf6 3. Nf3 Nxd5 4. d4 g6 5. c4 Nb6 6. Nc3 Bg7 7. c5 Nd5 8. Bc4 c6 9. O-O O-O 10. Re1 Nxc3 11.
bxc3 b5 12. Bb3 Nd7 13. Bg5 Nf6 14. Ne5 Qc7 15. Qf3 Bb7 16. h4 Rad8 17. h5 Nd5 18. hxg6 hxg6 19. Qg3 f6 20. Bf4 fxe5 21. Bxe5 Bxe5 22.
Rxe5 Kg7 23. Rae1 Rf7 24. Bc2 Rf6 25. Rxe7+ Qxe7 26. Rxe7+ Nxe7 27. Qc7 Re8 28. Qxb7 Rf7 29. f3 Ref8 30. Be4 1-0

[Event "Early-Titled-Tuesday-Blitz-October-24-2023"]
[Site "Chess.com"]
[Date "2023.10.24"]
[Round "6"]
[White "Suleyman_Chess06"]
[Black "Noki102"]
[Result "1-0"]
[WhiteElo "2605"]
[BlackElo "2424"]
[TimeControl "180+1"]
[EndTime "9:04:10 PDT"]
[Termination "Suleyman_Chess06 won on time"]

1. Nf3 d5 2. g3 Nf6 3. Bg2 e6 4.
O-O Be7 5. d4 O-O 6. c4 c6 7.
Nc3 a5 8. Ne5 Nbd7 9. Bf4 h6 10.
cxd5 Nxd5 11. e4 Nxf4 12. gxf4 Nxe5 13. fxe5 b5 14. Rc1 b4 15. Ne2 Qb6 16. Qa4 Bd7 17.
d5 Rfc8 18. Rc2 Be8 19. d6 Bd8 20. Rd1 Bd7 21. Nd4 Ra7 22. Qb3 c5 23. Ne2 a4 24.
Qe3 c4 25. Rdc1 Qxe3 26. fxe3 Bb6 27. Nd4 Bxd4 28. exd4 b3 29. axb3 axb3 30. Rxc4 Rxc4 31. Rxc4 Ra1+ 32. Kf2 Ra2 33. Rc7 Rxb2+ 34. Kg3 Ba4 35. d7 Bxd7 36. Rxd7 Rd2 37. Rb7 Rd3+ 38. Kf2 Rxd4 39.
Rxb3 Rd2+ 40. Kg3 g5 41. Bf3 Kg7 42. Rb7 Kg6 43. h4 gxh4+ 44. Kxh4 Rd3 45. Bh5+ Kg7 46. Rxf7+ Kg8 47. Rf6 Re3 48. Bg6 Rg3 49. Rxe6 1-0

[Event "Early-Titled-Tuesday-Blitz-October-24-2023"]
[Site "Chess.com"]
[Date "2023.10.24"]
[Round "6"]
[White "knightinshiningarmour16"]
[Black "DavidLana1987"]
[Result "0-1"]
[WhiteElo "2181"]
[BlackElo "2587"]
[TimeControl "180+1"]
[EndTime "9:04:10 PDT"]
[Termination "DavidLana1987 won by checkmate"]

1. d4 Nf6 2. Nf3 e6 3. c4 b6 4. Nc3 Bb7 5. Qc2 Bb4 6. a3 Bxc3+ 7. Qxc3 O-O 8. Bg5 h6 9. Bh4 d6 10. e3 Nbd7 11. Bd3 e5 12. dxe5 dxe5 13. Be2 Qe7 14. O-O Qe6 15. Bg3 Ne4 16. Qc2 Nxg3 17. hxg3 Rad8 18. Rad1 Nc5 19. b4 Ne4 20. Nd2 Nf6 21. Qb2 Qf5 22. Nf3 Rxd1 23. Rxd1 Re8 24. c5 Ng4 25. Rf1 Qh5 26. Nh4 g5 27. Bxg4 Qxg4 28.
f3 Qe6 29. cxb6 cxb6 30. e4 gxh4 31. gxh4 Qd6 32. Qc2 Rc8 33. Qe2 Qd4+ 34. Kh2 Qd8 35. Qf2 Kh7 36. Qg3 Qf6 37. Rd1 Rg8 38. Qh3 Bc8 39.
g4 Qf4+ 40. Qg3 Qe3 41. Rd5 Qe2+ 42. Kh3 Qf1+ 43. Kh2 Qe2+ 44. Kh3 f6 45. Qg2 Qe3 46. Kh2 h5 47. g5 Qf4+ 48. Kh1 Qxh4+ 49. Kg1 Rxg5 50.
Rd8 Rxg2+ 51. Kxg2 Qg5+ 52. Kh2 Ba6 53. Rd7+ Kh6 54.
Rxa7 Qd2+ 55. Kg3 Qe1+ 56. Kh3 Bf1+ 57. Kh2 Qf2+ 58. Kh1 Qg2# 0-1

[Event "Early-Titled-Tuesday-Blitz-October-24-2023"]
[Site "Chess.com"]
[Date "2023.10.24"]
[Round "6"]
[White "ideika"]
[Black "SnekkerAndersen"]
[Result "0-1"]
[WhiteElo "2328"]
[BlackElo "2516"]
[TimeControl "180+1"]
[EndTime "9:04:10 PDT"]
[Termination "SnekkerAndersen won on time"]

1. e4 e6 2. d4 d5 3. Nc3 Nf6 4. e5 Nfd7 5. f4 c5 6. Nf3 Nc6 7. Be3 a6 8. Be2 b5 9. a3 g5 10. Nxg5 cxd4 11. Bxd4 Nxd4 12. Qxd4 Rg8 13. h3 Rxg5 14.
fxg5 Qxg5 15. Qg4 Qe3 16. Qf3 Qxf3 17. gxf3 Nxe5 18. f4 Nc6 19. O-O-O Bh6 20. Rhf1 Bb7 21. Kb1 Ne7 22. Bf3 O-O-O 23. Bg4 d4 24. Ne2 Nc6 25. Bf3 Bg7 26. Rd2 Ne7 27. Bxb7+ Kxb7 28. Rfd1 Nf5 29. c3 Ne3 30. Rc1 Nc4 31. Rd3 Bh6 32. Rxd4 Rg8 33. Rf1 Rg2 34. Nc1 Rxb2+ 35. Ka1 Rc2 36. Nb3 Rxc3 37. Nc5+ Kc6 0-1

[Event "Early-Titled-Tuesday-Blitz-October-24-2023"]
[Site "Chess.com"]
[Date "2023.10.24"]
[Round "6"]
[White "McCarthyStone"]
[Black "Ducke13"]
[Result "0-1"]
[WhiteElo "2312"]
[BlackElo "2454"]
[TimeControl "180+1"]
[EndTime "9:04:12 PDT"]
[Termination "Ducke13 won by checkmate"]

1. e4 c5 2. Nf3 d6 3. d4 cxd4 4.
Nxd4 Nf6 5. Nc3 a6 6. g3 e5 7. Nb3 Be6 8. Bg2 Be7 9. O-O Nbd7 10. a4 Rc8 11. Bg5 h6 12. Bxf6 Nxf6 13. Nd5 Nxd5 14.
exd5 Bf5 15. c3 O-O 16. a5 Bg6 17. Nd2 f5 18. Qb3 Qd7 19. Nc4 Rc5 20. Rfe1 f4 21. Ra4 Kh8 22. Rb4 Bd3 23. Nxe5 dxe5 24. c4 f3 25. Rxb7 Qf5 26. Bh1 Bd6 27. Qb6 Rf6 28.
Qd8+ Kh7 29. Rd7 Bf8 30. b3 e4 31. h3 Qxh3 32. Qe8 Rg6 33. Qxf8 Rxg3+ 34. fxg3 Qxg3+ 35. Bg2 Qxg2# 0-1